 Dungeon Crawl Stone Soup version 0.31-a0-165-g3f4f80340b (webtiles) character file.

Game seed: 14081235475775454224

224 qw the Shooter (level 6, -2/38 HPs)
             Began as a Gargoyle Hunter on June 13, 2023.
             Slain by a gnoll sergeant
             ... wielding a +0 trident of venom
              (9 damage)
             ... on level 5 of the Dungeon.
             The game lasted 00:01:03 (2626 turns).

qw the Shooter (Gargoyle Hunter)                    Turns: 2626, Time: 00:01:04

Health: -2/38      AC: 14    Str: 14    XL:     6   Next: 0%
Magic:  6/6        EV: 10    Int: 10    God:
Gold:   233        SH:  0    Dex: 15    Spells: 5/5 levels left

rFire   . . .        Y - +0 shortbow (freeze)
rCold   . . .        (shield currently unavailable)
rNeg    + . .        g - +0 ring mail
rPois   inf          (no helmet)
rElec   +            b - +0 cloak
rCorr   .            (no gloves)
SInv    +            (no boots)
Will    .....        e - amulet of regeneration
Stlth   +            d - +4 ring of protection
HPRegen 1.06/turn    k - ring of see invisible
MPRegen 0.10/turn

%: no passive effects
@: about to teleport
A: sickness immunity, AC +4, negative energy resistance 1, electricity
resistance, torment resistance 1, petrification resistance
a: no special abilities


You were on level 5 of the Dungeon.
You visited 2 branches of the dungeon, and saw 6 of its levels.

You collected 233 gold pieces.


Innate Abilities, Weirdness & Mutations

You are immune to sickness and miasma.
Your stone body is resilient. (AC +4)
You are immune to poison.
You resist negative energy. (rN+)
You are resistant to electric shocks. (rElec)
You are resistant to unholy torment.
You are immune to petrification.


   Skills:
 - Level 4.0 Fighting
 + Level 6.1 Ranged Weapons
 - Level 1.0 Armour
 - Level 1.5 Dodging
 - Level 1.1 Stealth


You had 5 spell levels left.
You didn't know any spells.
Your spell library was empty.

Inventory:

Hand Weapons
 Y - a +0 shortbow of freezing (weapon)
Armour
 b - a +0 cloak (worn)
 g - a +0 ring mail (worn)
Jewellery
 d - a +4 ring of protection (left hand)
 e - an amulet of regeneration (around neck)
 k - a ring of see invisible (right hand)
Scrolls
 a - 2 scrolls of teleportation
 i - a scroll of identify
Potions
 c - a potion of haste {unknown}
 h - a potion of cancellation {unknown}
 j - a potion of mutation {unknown}
 n - a potion of curing

Dungeon Overview and Level Annotations

Branches:
Dungeon (4/15)             Temple (1/1) D:4

Altars:
Ashenzari
Cheibriados
Dithmenos
Elyvilon
Fedhas
Gozag
Hepliaklqana
Kikubaaqudgha
Makhleb
Nemelex Xobeh
Qazlal
Ru
Sif Muna
Uskayaw
Vehumet
Wu Jian
Xom
Yredelemnul
Zin
The Shining One


Message History

The gnoll sergeant is almost dead.
The gnoll hits you from afar with a +0 spear.
The gnoll sergeant barely misses you.
You shoot an arrow.
The arrow barely misses the gnoll sergeant.
The arrow barely misses the jelly.
The gnoll barely misses you.
The gnoll sergeant hits you but does no damage.
You shoot an arrow.
The arrow hits the gnoll sergeant but does no damage.
The gnoll sergeant is almost dead.
The gnoll hits you but does no damage.
The gnoll sergeant hits you but does no damage.
The gnoll sergeant hits you from afar with a +0 trident of venom!
The gnoll closely misses you.
You shoot an arrow. The gnoll sergeant blocks the arrow.
The gnoll sergeant hits you from afar with a +0 trident of venom.
The gnoll completely misses you.
You shoot an arrow.
The arrow hits the gnoll sergeant but does no damage.
The gnoll sergeant is almost dead.
The gnoll hits you but does no damage.
The gnoll sergeant hits you from afar with a +0 trident of venom.
You shoot an arrow.
The arrow hits the gnoll sergeant but does no damage.
The gnoll sergeant is almost dead.
The gnoll hits you from afar with a +0 spear.
The gnoll sergeant hits you from afar with a +0 trident of venom.
2625 ||| READING 3 scrolls of teleportation.
As you read the scroll of teleportation, it crumbles to dust.
You feel strangely unstable.
The gnoll sergeant hits you but does no damage.
The gnoll hits you but does no damage.
You shoot an arrow.
The arrow hits the gnoll sergeant but does no damage.
The gnoll sergeant is almost dead.
The gnoll closely misses you.
The gnoll sergeant hits you but does no damage.
The gnoll sergeant hits you from afar with a +0 trident of venom!
You die...

#.....# #.....#
..oo... .. #.....#
....... ..##.....#
....... .........#
...g... .........#
....gg. .........#
.....g.
........@##g......
........))gSS.....
........##gJ......
........###o......
....(...# .......
........# #......
........# ......
........# ......
######### ......


You could see a gnoll sergeant, a jelly, a gnoll, 2 adders and an orc.

Vanquished Creatures
  An orc priest (D:5)
  Jessica (D:3)
  2 orc wizards
  A gnoll (D:5)
  4 adders
  5 dart slugs
  4 orcs (D:3)
  5 ball pythons
  6 endoplasms
  2 giant cockroaches
  2 goblins
  5 hobgoblins
  3 jackals (D:2)
  2 quokkas
  2 bats (D:1)
  2 frilled lizards (D:3)
  8 kobolds
  11 rats
66 creatures vanquished.

Notes
Turn   | Place    | Note
-------+----------+-------------------------------------------
     0 | D:1      | qw the Gargoyle Hunter began the quest for the Orb.
     0 | D:1      | Reached XP level 1. HP: 12/12 MP: 1/1
     0 | D:1      | 0 ||| qw: Version: 0.2-a-29-gc1b59c4
     0 | D:1      | 0 ||| qw: Game counter: 4650
     0 | D:1      | 0 ||| qw: Always use a shield: true
     0 | D:1      | 0 ||| qw: God list: Okawaru
     0 | D:1      | 0 ||| qw: Allow faded altars: false
     0 | D:1      | 0 ||| qw: Do Orc after D:15 true
     0 | D:1      | 0 ||| qw: Do second Lair branch before Depths: true
     0 | D:1      | 0 ||| qw: Lair rune preference: random
     0 | D:1      | 0 ||| qw: Plans: Normal, Zot:1-4, Slime:5, God:TSO, Crypt,
                  | Tomb, Abyss, Pan, Hells, Win
     0 | D:1      | 0 ||| PLANNING D:1-11
   151 | D:1      | Reached XP level 2. HP: 17/17 MP: 2/2
   223 | D:1      | Found a faded altar of an unknown god.
   576 | D:1      | 576 ||| UPGRADING to +0 ring mail.
   586 | D:1      | 586 ||| DROPPING +0 leather armour.
   587 | D:1      | 587 ||| UPGRADING to amulet of regeneration.
   592 | D:1      | 592 ||| UPGRADING to +4 ring of protection.
   593 | D:1      | 593 ||| DROPPING +6 ring of intelligence.
   594 | D:1      | 594 ||| READING scroll labelled WASODD JUIPT.
   595 | D:1      | 595 ||| READING scroll labelled ZUPTEH KUWAWIOJ.
   598 | D:1      | 598 ||| DRINKING 3 glowing emerald potions.
   599 | D:1      | 599 ||| DRINKING 2 grey potions.
   704 | D:1      | 704 ||| DROPPING scroll of butterflies.
   705 | D:1      | 705 ||| DROPPING 2 potions of brilliance.
   706 | D:1      | 706 ||| DROPPING potion of berserk rage.
   804 | D:2      | Reached XP level 3. HP: 21/21 MP: 3/3
   810 | D:2      | Reached skill level 1 in Armour
   894 | D:2      | Reached skill level 5 in Ranged Weapons
  1033 | D:2      | 1033 ||| UPGRADING to +0 cloak.
  1052 | D:2      | 1052 ||| READING scroll labelled WERGHI DUETHRIDO.
  1057 | D:2      | Reached XP level 4. HP: 27/27 MP: 4/4
  1115 | D:2      | Reached skill level 3 in Fighting
  1486 | D:2      | 1486 ||| READING scroll labelled VIMMOM NAFREWK.
  1513 | D:3      | Noticed Jessica
  1521 | D:3      | Killed Jessica
  1616 | D:3      | 1616 ||| Stepping ~*~*~tactically~*~*~ (outnumbered).
  1623 | D:3      | Reached XP level 5. HP: 29/32 MP: 5/5
  2161 | D:3      | 2161 ||| DROPPING amulet of magic regeneration.
  2162 | D:3      | 2162 ||| UPGRADING to ring of see invisible.
  2163 | D:3      | 2163 ||| READING scroll labelled VOSAIVAOCK.
  2164 | D:3      | 2164 ||| READING scroll labelled OJIOGG SIWESCH.
  2170 | D:3      | 2170 ||| DRINKING 2 metallic black potions.
  2204 | D:4      | Reached skill level 6 in Ranged Weapons
  2206 | D:4      | Found a staircase to the Ecumenical Temple.
  2207 | D:4      | 2207 ||| PLANNING TEMPLE
  2215 | Temple   | Entered the Ecumenical Temple
  2505 | Temple   | 2505 ||| PLANNING D:1-11
  2590 | D:4      | You fall into a shaft and drop 1 floor!
  2590 | D:5      | Entered Level 5 of the Dungeon
  2591 | D:5      | 2591 ||| PLANNING SEWER
  2598 | D:5      | 2598 ||| Stepping ~*~*~tactically~*~*~ (outnumbered).
  2600 | D:5      | 2600 ||| Stepping ~*~*~tactically~*~*~ (outnumbered).
  2602 | D:5      | 2602 ||| Stepping ~*~*~tactically~*~*~ (outnumbered).
  2614 | D:5      | Reached XP level 6. HP: 38/38 MP: 6/6
  2624 | D:5      | HP: 7/38 [gnoll/+0 spear[a gnoll sergeant] (4)]
  2625 | D:5      | 2625 ||| READING 3 scrolls of teleportation.
  2626 | D:5      | Slain by a gnoll sergeant

Levels and vault maps discovered:
D:1:      saegor_arrival_simple_e, layout_basic,
          hellmonk_ecumenical_altar_slurped_away
D:2:      layout_basic, dreamdust_mushroom_princess, minmay_rat_gold_closets
D:3:      layout_loops_ring, serial_bayou_pond_d, uniq_jessica
D:4:      layout_cave_pods, minmay_temple_entry_mist, serial_shops, shop,
          minmay_misc_feat_cross, uniq_crazy_yiuf_cottage, uniq_ijyb
D:5:      layout_basic, enter_ossuary_2, cheibrodos_sewer_entry_drain
Temple:   mainiacjoe_temple_cubbyholes

Skill      XL: |  1  2  3  4  5 |
---------------+----------------+-----
Armour         | 1 |  1.0
Ranged Weapons | 5 6 |  6.1
Fighting       | 3 4 |  4.0
Dodging        | |  1.5
Stealth        | |  1.1

Action                     |  1- 3 |  4- 6 || total
---------------------------+-------+-------++-------
   Fire: Shortbow          |    91 |   122 ||   213
    Use: Scroll            |     3 |     4 ||     7
         Potion            |     2 |     1 ||     3
 Armour: Leather armour    |     5 |       ||     5
         Ring mail         |     3 |    51 ||    54
  Dodge: Dodged            |    18 |    49 ||    67

Table legend:
 A = Non-vault XP
 B = Vault XP
 C = Vault XP percentage of total XP
 D = Non-vault monster count
 E = Vault monster count
 F = Vault count percentage of total count
                 A         B        C        D         E       F
            +---------+---------+-------+---------+---------+-------
      Total |     276 |      45 |  14.0 |      58 |       8 |  12.1
            +---------+---------+-------+---------+---------+-------
        D:1 |      26 |       2 |   7.1 |      14 |       1 |   6.7
        D:2 |      76 |       6 |   7.3 |      21 |       6 |  22.2
        D:3 |      67 |      37 |  35.6 |      18 |       1 |   5.3
        D:4 |      15 |       0 |   0.0 |       2 |       0 |   0.0
        D:5 |      92 |       0 |   0.0 |       3 |       0 |   0.0
            +---------+---------+-------+---------+---------+-------
